 Dungeon Crawl Stone Soup version 0.26.1-2-gb8aa6d0cf2 (webtiles) character file.

Game seed: 1321305980335375964

877 DearestLeader the Frost Mage (level 8, 0/52 HPs)
             Began as a Merfolk Ice Elementalist on Mar 22, 2021.
             Was an Initiate of Vehumet.
             Slain by a sky beast (5 damage)
             ... on level 5 of the Dungeon.
             The game lasted 00:12:40 (5414 turns).

DearestLeader the Frost Mage (MfIE)                 Turns: 5414, Time: 00:12:41

Health: 0/52       AC:  6    Str:  8    XL:     8   Next: 4%
Magic:  4/11       EV: 12    Int: 16    God:    Vehumet [......]
Gold:   210        SH:  0    Dex: 15    Spells: 4/11 levels left

rFire    . . .     SeeInvis .   A - +0 halberd
rCold    . . .     Faith    .   (shield currently unavailable)
rNeg     + . .     Spirit   .   z - +2 leather armour {rN+}
rPois    .         Reflect  .   (no helmet)
rElec    .         Harm     .   a - scarf {shadows}
rCorr    .         Rampage  .   (no gloves)
Will     .....                  m - +0 pair of boots
Stlth    ++........             (no amulet)
HPRegen  0.17/turn              (no ring)
MPRegen  0.12/turn              (no ring)

@: frozen ramparts
A: change form in water, swift swim, stealthy swim
a: Renounce Religion


You were on level 5 of the Dungeon.
You worshipped Vehumet.
Vehumet was noncommittal.
You visited 2 branches of the dungeon, and saw 6 of its levels.

You collected 210 gold pieces.

Inventory:

Hand Weapons
 p - a +0 hunting sling
 A - a +0 halberd (weapon)
Missiles
 e - 11 poisoned darts (quivered)
 q - 84 stones
 y - 10 sling bullets
Armour
 a - a scarf of shadows (worn)
 m - a +0 pair of boots (worn)
 z - a +2 leather armour of positive energy (worn)
Magical Staves
 t - an uncursed staff of fire
Wands
 k - a wand of polymorph (12)
 u - a wand of paralysis (12)
 w - a wand of disintegration (8)
Scrolls
 g - 3 scrolls of remove curse {unknown}
 i - 4 scrolls of enchant armour
 j - 7 scrolls of identify {unknown}
 r - a scroll of amnesia {unknown}
Potions
 b - a potion of resistance {unknown}
 c - a potion of degeneration {unknown}
 d - a potion of cancellation {unknown}
 f - 2 potions of heal wounds
 h - 2 potions of might {unknown}
 n - a potion of mutation {unknown}
 v - 2 potions of curing {unknown}
 x - a potion of attraction {unknown}


   Skills:
 * Level 4.7 Polearms
 - Level 3.0 Dodging
 - Level 2.1 Stealth
 - Level 2.0 Spellcasting
 * Level 9.8 Ice Magic


You had 4 spell levels left.
You knew the following spells:

 Your Spells              Type           Power        Failure   Level
a - Freeze                Ice            64%          1%          1
b - Frozen Ramparts       Ice            32%          1%          3
c - Ozocubu's Armour      Ice            16%          1%          3

Your spell library contained the following spells:

 Spells                   Type           Power        Failure   Level
 Hailstorm                Conj/Ice       8%           36%         4
 Summon Ice Beast         Ice/Summ       8%           36%         4


Dungeon Overview and Level Annotations

Branches:
Dungeon (5/15)             Temple (1/1) D:4

Altars:
Ashenzari
Dithmenos
Fedhas
Hepliaklqana
Makhleb
Nemelex Xobeh
Okawaru
Qazlal
Ru
Trog
Vehumet
Wu Jian
Yredelemnul
Zin
The Shining One


Message History

Press: ? - help, Dir - look around, f - activate You feel a numb sensation.
The walls around you are covered in ice.
The wall freezes the centaur.
The centaur hits you!
The wall freezes something.
Something hits you. Something shocks you.
Unknown command.
You are too injured to fight recklessly!
You closely miss the centaur.
The centaur is lightly wounded.
The wall freezes the centaur.
The centaur hits you.
The wall freezes the centaur.
The centaur closely misses you.
The wall freezes something.
Something hits you but does no damage.
You hit the centaur.
The centaur is severely wounded.
The wall freezes the centaur.
The centaur hits you!
* * * LOW HITPOINT WARNING * * *
The wall freezes something.
Something hits you.
* * * LOW HITPOINT WARNING * * *
Something shocks you.
You die...

### ##... ##.... # # #.....
###.############.# #/....
........?()..(@c.#. ### #.....
####.##<.#......{.........#.....
.........##########.## #....Y>.
.........# # ###...5. .........#
##..w. .........# ##...
..(......# #### .........#
###.#######


You could see a centaur.

Vanquished Creatures
  An ice beast (D:4)
  3 ogres
  2 howler monkeys (D:4)
  A crimson imp (D:2)
  2 hounds
  An orc priest (D:4)
  An iguana (D:4)
  3 worker ants (D:4)
  A howler monkey skeleton (D:4)
  4 adders
  6 gnolls (D:4)
  A shadow imp (D:5)
  An ooze (D:3)
  An adder skeleton (D:4)
  2 worms (D:2)
  8 dart slugs
  2 leopard geckos
  9 orcs
  9 bats
  6 giant cockroaches
  7 goblins
  9 hobgoblins
  6 jackals
  2 quokkas
  4 ball pythons
  6 frilled lizards
  3 kobolds (D:1)
  7 rats
108 creatures vanquished.

Notes
Turn   | Place    | Note
-------+----------+-------------------------------------------
     0 | D:1      | DearestLeader the Merfolk Ice Elementalist began the quest
                  | for the Orb.
     0 | D:1      | Reached XP level 1. HP: 13/13 MP: 3/3
   131 | D:1      | Reached XP level 2. HP: 19/19 MP: 3/5
   224 | D:1      | Reached skill level 5 in Ice Magic
   662 | D:1      | Reached XP level 3. HP: 15/24 MP: 3/6
   666 | D:1      | Learned a level 3 spell: Frozen Ramparts
  1791 | D:2      | Reached skill level 6 in Ice Magic
  1791 | D:2      | Reached XP level 4. HP: 28/30 MP: 3/7
  1923 | D:2      | Found a broken altar of Ashenzari.
  2251 | D:2      | Found an iron altar of Okawaru.
  2534 | D:2      | Found a burning altar of Makhleb.
  2545 | D:2      | Reached XP level 5. HP: 33/35 MP: 5/8
  3229 | D:3      | Reached skill level 7 in Ice Magic
  3265 | D:3      | Found a sacrificial altar of Ru.
  3412 | D:4      | Reached XP level 6. HP: 22/41 MP: 5/9
  3427 | D:4      | Reached skill level 8 in Ice Magic
  3943 | D:4      | Reached skill level 9 in Ice Magic
  3943 | D:4      | Reached XP level 7. HP: 36/46 MP: 4/10
  4035 | D:4      | Learned a level 3 spell: Ozocubu's Armour
  4071 | D:4      | Found a staircase to the Ecumenical Temple.
  4090 | Temple   | Entered the Ecumenical Temple
  4158 | Temple   | Became a worshipper of Vehumet
  4213 | D:4      | Reached skill level 1 in Polearms
  4777 | D:5      | Entered Level 5 of the Dungeon
  4864 | D:4      | HP: 2/46 [ice beast (5)]
  5394 | D:5      | Reached XP level 8. HP: 50/52 MP: 4/11
  5414 | D:5      | Slain by a sky beast

Illustrated notes

Levels and vault maps discovered:
D:1:      minmay_arrival_stair_chambers, layout_basic,
          minmay_misc_feat_four_crosses
D:2:      layout_basic, makhleb_grotto_becter, nicolae_ashenzari_panopticon,
          okawaru_trees_2
D:3:      layout_basic, nicolae_ru_path_of_blood
D:4:      layout_rooms, minmay_temple_entry_slanted, serial_glass,
          glass_columns_c, glass_columns_a, glass_columns_a, glass_columns_a,
          glass_columns_a, glass_columns_c, glass_columns_a, glass_columns_b
D:5:      layout_rooms, uniq_eustachio
Temple:   minmay_temple_bridge_abc

Skill      XL: |  1  2  3  4  5  6  7 |
---------------+----------------------+-----
Dodging        | 3 |  3.0
Ice Magic      | 5 6 7 9 |  9.8
Polearms       | 4 |  4.7
Stealth        | |  2.1
Spellcasting   | |  2.0

Action                   |  1- 3 |  4- 6 |  7- 9 || total
-------------------------+-------+-------+-------++-------
Melee: Unarmed           |     2 |       |       ||     2
       Dagger            |    52 |     4 |       ||    56
       Halberd           |       |       |    21 ||    21
 Fire: Hunting sling     |       |   157 |    61 ||   218
Throw: Dart              |       |       |     8 ||     8
 Cast: Freeze            |    28 |     9 |     2 ||    39
       Frozen Ramparts   |     6 |    12 |     8 ||    26
       Ozocubu's Armour  |       |       |     2 ||     2
  Use: Scroll            |       |       |     3 ||     3
       Potion            |       |       |     1 ||     1
 Stab: Sleeping          |     6 |     1 |       ||     7
Armor: Robe              |    13 |       |       ||    13
       Leather armour    |       |    13 |     8 ||    21
Dodge: Dodged            |    56 |    41 |    43 ||   140
